[ AOE2 MATCH · #487989546 ]
UnrankedWu vs Maya
[ REPLAY ANALYSIS · EXTRACTED FROM THE RECORDED GAME ]
Feudal
12:12
Castle
17:30
Imperial
34:04
| APM avg | 21.0 |
| APM peak | 58 |
| eAPM avg | 14.1 |
| Villagers / military | 185 / 107 |
Focus
⚔️ 34.8% · 🌾 65.2%
Unknown (1968) ×149 · Spearman ×102 · Militia ×5
Feudal
11:17
Castle
15:21
Imperial
31:34
| APM avg | 29.5 |
| APM peak | 108 |
| eAPM avg | 18.0 |
| Villagers / military | 108 / 217 |
Focus
⚔️ 30.2% · 🌾 69.8%
Knight ×160 · Spearman ×51 · Fishing Ship ×22 · Trebuchet (Packed) ×4 · Monk ×1 · Fire Galley ×1
Feudal
11:00
Castle
15:25
Imperial
—
| APM avg | 39.7 |
| APM peak | 93 |
| eAPM avg | 18.3 |
| Villagers / military | 51 / 54 |
Focus
⚔️ 23.7% · 🌾 76.3%
Plumed Archer ×53 · Fishing Ship ×14 · Demolition Raft ×1
Feudal
13:06
Castle
17:31
Imperial
31:37
| APM avg | 33.2 |
| APM peak | 79 |
| eAPM avg | 13.9 |
| Villagers / military | 143 / 138 |
Focus
⚔️ 17.7% · 🌾 82.3%
Conquistador ×94 · Scout Cavalry ×41 · Fishing Ship ×11 · Trebuchet (Packed) ×2 · Knight ×1
Feudal
11:43
Castle
15:31
Imperial
31:20
| APM avg | 18.9 |
| APM peak | 38 |
| eAPM avg | 14.4 |
| Villagers / military | 134 / 132 |
Focus
⚔️ 31.3% · 🌾 68.7%
Knight ×129 · Trebuchet (Packed) ×3
Feudal
11:49
Castle
19:08
Imperial
30:46
| APM avg | 30.4 |
| APM peak | 78 |
| eAPM avg | 15.2 |
| Villagers / military | 118 / 93 |
Focus
⚔️ 31.4% · 🌾 68.6%
Knight ×88 · Fishing Ship ×15 · Monk ×2 · Bombard Cannon ×2 · Demolition Raft ×1
Feudal
10:56
Castle
22:58
Imperial
—
| APM avg | 28.0 |
| APM peak | 55 |
| eAPM avg | 13.7 |
| Villagers / military | 84 / 228 |
Focus
⚔️ 36.7% · 🌾 63.3%
Archer ×220 · Battering Ram ×7 · Skirmisher ×1
Feudal
11:15
Castle
21:17
Imperial
34:15
| APM avg | 34.5 |
| APM peak | 75 |
| eAPM avg | 16.1 |
| Villagers / military | 99 / 182 |
Focus
⚔️ 24.2% · 🌾 75.8%
Archer ×169 · Spearman ×11 · Fishing Ship ×5 · Monk ×1 · Demolition Raft ×1
Match map
Initial resources + every placement click. Lines = walls · curves = elevation contours. ◆ gold · ⬟ stone · ● berries · ✦ relic · ◌ wall gap
Your base· ✓ Closed at 17:30 · 1t walls · no gate
ryocallan's base· Open — 4t gap
fat_dgk's base· ✓ Closed at 15:25 · 5t walls · no gate
五虎上將-馬超's base· ✓ Map-separated
CRAZY HARD PUSH's base· Open — 5t gap
Dr. House's base· ✓ Map-separated
Bangputys's base· Open — unwalled flank
坐中木头人是人啊's base· Open — unwalled flank
Smoothed initial terrain · ◌ = detected wall gap · hover for details
Inputs per minute
— [AJJRR] Minillop - - ryocallan
Build order — [AJJRR] Minillop
First 150 of 343 actions detected
| 0:01 | Create | Villager (Male) |
| 0:01 | Create | Villager (Male) |
| 0:02 | Build | House |
| 0:06 | Build | House |
| 0:51 | Create | Villager (Male) |
| 0:51 | Create | Villager (Male) |
| 0:51 | Create | Villager (Male) |
| 1:40 | Create | Villager (Male) |
| 1:41 | Create | Villager (Male) |
| 2:36 | Create | Villager (Male) |
| 2:37 | Create | Villager (Male) |
| 2:37 | Create | Villager (Male) |
| 3:20 | Create | Villager (Male) |
| 3:20 | Create | Villager (Male) |
| 3:21 | Create | Villager (Male) |
| 3:23 | Create | Villager (Male) |
| 4:20 | Create | Villager (Male) |
| 4:20 | Create | Villager (Male) |
| 4:21 | Create | Villager (Male) |
| 4:21 | Create | Villager (Male) |
| 4:24 | Build | Lumber Camp |
| 4:46 | Build | House |
| 5:38 | Create | Villager (Male) |
| 5:39 | Create | Villager (Male) |
| 5:39 | Create | Villager (Male) |
| 5:39 | Create | Villager (Male) |
| 5:39 | Create | Villager (Male) |
| 5:40 | Create | Villager (Male) |
| 6:46 | Build | Lumber Camp |
| 7:18 | Build | House |
| 7:23 | Research | Loom |
| 7:24 | Create | Villager (Male) |
| 7:42 | Build | House |
| 7:51 | Create | Villager (Male) |
| 7:51 | Create | Villager (Male) |
| 7:51 | Create | Villager (Male) |
| 8:43 | Create | Villager (Male) |
| 8:43 | Create | Villager (Male) |
| 9:44 | Build | Mill |
| 10:02 | Research | Feudal Age |
| 10:12 | Build | Palisade Wall |
| 10:42 | Build | Farm |
| 10:44 | Build | Farm |
| 10:47 | Build | Farm |
| 10:50 | Build | Farm |
| 10:53 | Build | Farm |
| 10:56 | Build | Farm |
| 11:46 | Build | House |
| 11:58 | Build | House |
| 12:02 | Build | House |
| 12:04 | Build | House |
| 12:09 | Build | House |
| 12:12 | Age | Feudal Age |
| 12:14 | Create | Villager (Male) |
| 12:14 | Create | Villager (Male) |
| 12:31 | Build | Market |
| 12:39 | Build | Blacksmith |
| 12:43 | Create | Villager (Male) |
| 12:51 | Build | Mining Camp |
| 13:30 | Create | Villager (Male) |
| 13:44 | Create | Villager (Male) |
| 14:33 | Build | Barracks |
| 14:50 | Research | Castle Age |
| 14:50 | Research | Castle Age |
| 15:09 | Build | Mining Camp |
| 16:12 | Research | Wheelbarrow |
| 16:43 | Research | Double-Bit Axe |
| 16:47 | Research | Horse Collar |
| 17:30 | Age | Castle Age |
| 17:32 | Build | Town Center |
| 17:47 | Build | Town Center |
| 18:10 | Research | Town Watch |
| 18:21 | Research | Fletching |
| 18:39 | Research | Stone Mining |
| 18:51 | Research | Bow Saw |
| 18:58 | Research | Heavy Plow |
| 19:03 | Build | Farm |
| 19:05 | Create | Villager (Male) |
| 19:05 | Create | Villager (Male) |
| 19:21 | Create | Villager (Male) |
| 19:22 | Create | Villager (Male) |
| 19:28 | Create | Villager (Male) |
| 19:28 | Create | Villager (Male) |
| 19:33 | Create | Villager (Male) ×3 |
| 19:33 | Create | Villager (Male) ×3 |
| 19:59 | Create | Villager (Male) |
| 20:04 | Create | Villager (Male) |
| 20:22 | Build | Farm |
| 20:30 | Create | Villager (Male) |
| 20:30 | Create | Villager (Male) |
| 20:32 | Create | Villager (Male) |
| 20:32 | Create | Villager (Male) |
| 20:34 | Build | Farm |
| 20:36 | Build | Farm |
| 20:41 | Create | Villager (Male) |
| 21:19 | Create | Villager (Male) ×3 |
| 21:36 | Create | Villager (Male) |
| 21:36 | Create | Villager (Male) |
| 21:40 | Create | Villager (Male) |
| 21:43 | Build | Farm |
| 21:57 | Create | Villager (Male) |
| 21:57 | Create | Villager (Male) |
| 22:11 | Create | Villager (Male) ×2 |
| 22:21 | Build | Town Center |
| 22:24 | Create | Villager (Male) |
| 22:25 | Create | Villager (Male) |
| 22:38 | Build | Castle |
| 22:46 | Build | University |
| 22:50 | Create | Villager (Male) ×2 |
| 22:51 | Create | Villager (Male) ×2 |
| 22:55 | Build | Farm |
| 22:55 | Build | Farm |
| 22:56 | Build | Farm |
| 22:56 | Build | Farm |
| 22:57 | Build | Farm |
| 23:09 | Create | Villager (Male) |
| 23:09 | Create | Villager (Male) |
| 23:25 | Create | Villager (Male) |
| 23:25 | Create | Villager (Male) |
| 23:26 | Create | Villager (Male) |
| 23:33 | Create | Villager (Male) |
| 23:33 | Create | Villager (Male) |
| 23:51 | Create | Villager (Male) |
| 23:52 | Create | Villager (Male) |
| 24:06 | Create | Villager (Male) |
| 24:06 | Create | Villager (Male) ×2 |
| 24:07 | Create | Villager (Male) |
| 24:11 | Research | Ballistics |
| 24:18 | Create | Villager (Male) ×3 |
| 24:18 | Create | Villager (Male) ×3 |
| 24:19 | Create | Villager (Male) |
| 24:19 | Create | Villager (Male) |
| 24:23 | Create | Villager (Male) |
| 24:23 | Create | Villager (Male) |
| 24:32 | Create | Villager (Male) |
| 24:32 | Create | Villager (Male) |
| 24:35 | Build | Farm |
| 24:43 | Build | Farm |
| 24:47 | Build | Farm |
| 24:49 | Build | Farm |
| 24:50 | Create | Villager (Male) ×2 |
| 24:56 | Create | Villager (Male) |
| 24:57 | Create | Villager (Male) |
| 25:17 | Research | Bodkin Arrow |
| 25:18 | Create | Villager (Male) |
| 25:19 | Create | Villager (Male) |
| 25:34 | Build | Mill |
| 25:34 | Build | Farm |
| 25:35 | Build | Farm |
| 25:35 | Build | Farm |
Build order — ryocallan
First 150 of 335 actions detected
| 0:01 | Create | Villager (Male) |
| 0:01 | Create | Villager (Male) |
| 0:01 | Create | Villager (Male) |
| 0:04 | Build | House |
| 0:05 | Build | House |
| 0:23 | Create | Villager (Male) |
| 0:43 | Create | Villager (Male) |
| 1:13 | Build | Lumber Camp |
| 1:16 | Create | Villager (Male) |
| 1:34 | Create | Villager (Male) |
| 2:51 | Create | Villager (Male) |
| 3:00 | Create | Villager (Male) |
| 3:33 | Build | Dock |
| 3:36 | Create | Villager (Male) |
| 3:42 | Build | House |
| 4:09 | Create | Villager (Male) |
| 4:15 | Create | Fishing Ship |
| 4:34 | Create | Villager (Male) |
| 4:51 | Create | Fishing Ship |
| 5:06 | Create | Villager (Male) |
| 5:23 | Create | Fishing Ship |
| 5:27 | Build | House |
| 5:32 | Create | Villager (Male) |
| 5:32 | Create | Villager (Male) |
| 5:57 | Create | Villager (Male) |
| 5:58 | Create | Villager (Male) |
| 6:07 | Create | Fishing Ship |
| 6:22 | Create | Villager (Male) |
| 6:27 | Create | Villager (Male) |
| 6:31 | Build | House |
| 6:57 | Create | Fishing Ship |
| 7:11 | Create | Villager (Male) |
| 7:39 | Create | Villager (Male) |
| 7:39 | Create | Villager (Male) |
| 7:43 | Build | Dock |
| 8:03 | Create | Fishing Ship |
| 8:04 | Create | Fishing Ship |
| 8:11 | Build | House |
| 8:17 | Research | Loom |
| 8:35 | Build | Mining Camp |
| 9:07 | Research | Feudal Age |
| 9:31 | Create | Fishing Ship |
| 9:34 | Create | Fishing Ship |
| 10:39 | Build | House |
| 10:57 | Create | Villager (Male) |
| 10:57 | Create | Villager (Male) |
| 11:17 | Age | Feudal Age |
| 11:18 | Build | Mill |
| 11:36 | Build | Blacksmith |
| 11:44 | Build | Market |
| 12:05 | Create | Fishing Ship |
| 12:41 | Research | Castle Age |
| 12:42 | Research | Castle Age |
| 13:13 | Research | Double-Bit Axe |
| 13:14 | Research | Double-Bit Axe |
| 13:14 | Research | Double-Bit Axe |
| 13:39 | Build | Dock |
| 14:01 | Create | Fishing Ship |
| 14:01 | Create | Fire Galley |
| 14:05 | Create | Fishing Ship |
| 14:23 | Build | House |
| 14:24 | Build | House |
| 14:26 | Build | House |
| 14:37 | Create | Fishing Ship |
| 14:37 | Create | Fishing Ship |
| 15:18 | Create | Villager (Male) |
| 15:21 | Age | Castle Age |
| 15:23 | Build | Dock |
| 15:25 | Create | Villager (Male) |
| 15:25 | Create | Villager (Male) |
| 15:36 | Build | Lumber Camp |
| 15:41 | Research | Bow Saw |
| 15:44 | Create | Villager (Male) |
| 15:49 | Build | House |
| 16:06 | Create | Fishing Ship |
| 16:29 | Create | Fishing Ship ×2 |
| 16:37 | Create | Villager (Male) |
| 16:52 | Create | Fishing Ship ×2 |
| 16:54 | Create | Villager (Male) |
| 17:00 | Create | Fishing Ship |
| 17:13 | Create | Fishing Ship |
| 17:13 | Create | Fishing Ship |
| 17:32 | Create | Villager (Male) |
| 17:37 | Create | Villager (Male) |
| 17:59 | Build | Town Center |
| 18:01 | Create | Villager (Male) |
| 18:06 | Create | Villager (Male) |
| 18:14 | Research | Wheelbarrow |
| 18:38 | Create | Villager (Male) |
| 18:51 | Build | Town Center |
| 18:59 | Create | Villager (Male) |
| 19:33 | Build | Town Center |
| 19:36 | Create | Villager (Male) |
| 19:36 | Create | Villager (Male) |
| 19:54 | Create | Villager (Male) |
| 19:54 | Create | Villager (Male) |
| 19:54 | Create | Villager (Male) |
| 19:57 | Research | Tech 906 |
| 19:57 | Research | Tech 906 |
| 20:11 | Create | Villager (Male) |
| 20:14 | Build | Town Center |
| 20:21 | Create | Villager (Male) |
| 20:36 | Create | Villager (Male) |
| 20:38 | Create | Villager (Male) |
| 20:44 | Create | Villager (Male) |
| 20:50 | Create | Villager (Male) |
| 20:50 | Create | Villager (Male) |
| 20:50 | Create | Villager (Male) |
| 20:52 | Create | Villager (Male) |
| 20:59 | Build | Mining Camp |
| 21:02 | Build | Barracks |
| 21:03 | Create | Villager (Male) |
| 21:04 | Create | Villager (Male) |
| 21:15 | Create | Villager (Male) |
| 21:25 | Create | Villager (Male) |
| 21:25 | Create | Villager (Male) |
| 21:29 | Create | Villager (Male) |
| 21:31 | Create | Villager (Male) |
| 21:31 | Create | Villager (Male) |
| 21:34 | Build | Stable |
| 21:36 | Build | Stable |
| 21:39 | Create | Villager (Male) |
| 21:43 | Build | Farm |
| 21:45 | Create | Villager (Male) |
| 21:54 | Create | Villager (Male) |
| 21:56 | Create | Villager (Male) |
| 21:56 | Create | Villager (Male) |
| 22:08 | Build | Farm |
| 22:10 | Create | Villager (Male) |
| 22:12 | Research | Gillnets |
| 22:14 | Create | Villager (Male) |
| 22:20 | Build | Farm |
| 22:20 | Build | Farm |
| 22:22 | Create | Villager (Male) |
| 22:25 | Create | Villager (Male) |
| 22:30 | Create | Villager (Male) |
| 22:37 | Create | Villager (Male) |
| 22:40 | Create | Villager (Male) |
| 22:45 | Build | Mining Camp |
| 22:47 | Build | House |
| 22:47 | Build | House |
| 22:48 | Build | House |
| 22:48 | Build | House |
| 22:48 | Build | House |
| 22:49 | Build | House |
| 22:52 | Create | Villager (Male) |
| 22:57 | Build | Mining Camp |
| 23:05 | Build | House |
| 23:06 | Build | House |
| 23:07 | Build | House |
Build order — fat_dgk
First 150 of 165 actions detected
| 0:04 | Research | Loom |
| 0:04 | Research | Loom |
| 0:05 | Create | Villager (Male) |
| 0:05 | Create | Villager (Male) |
| 0:05 | Create | Villager (Male) |
| 0:05 | Create | Villager (Male) |
| 0:06 | Build | House |
| 0:08 | Build | House |
| 0:09 | Build | House |
| 1:30 | Create | Villager (Male) |
| 1:56 | Create | Villager (Male) |
| 1:56 | Create | Villager (Male) |
| 2:15 | Build | Lumber Camp |
| 2:24 | Create | Villager (Male) |
| 2:24 | Create | Villager (Male) |
| 2:39 | Create | Villager (Male) |
| 2:40 | Create | Villager (Male) |
| 3:12 | Create | Villager (Male) |
| 3:31 | Create | Villager (Male) |
| 4:15 | Create | Villager (Male) |
| 4:15 | Create | Villager (Male) |
| 4:32 | Build | Mill |
| 4:40 | Create | Villager (Male) |
| 4:40 | Create | Villager (Male) |
| 5:22 | Create | Villager (Male) |
| 5:23 | Create | Villager (Male) |
| 5:23 | Create | Villager (Male) |
| 5:48 | Create | Villager (Male) |
| 6:05 | Build | House |
| 6:10 | Create | Villager (Male) |
| 6:35 | Build | House |
| 7:03 | Create | Villager (Male) |
| 7:18 | Build | Dock |
| 7:25 | Create | Villager (Male) |
| 7:37 | Create | Villager (Male) |
| 8:03 | Create | Villager (Male) |
| 8:04 | Build | Mining Camp |
| 8:26 | Create | Villager (Male) |
| 8:29 | Create | Fishing Ship |
| 8:45 | Research | Feudal Age |
| 8:58 | Create | Fishing Ship |
| 11:00 | Age | Feudal Age |
| 11:05 | Create | Villager (Male) |
| 11:05 | Create | Villager (Male) |
| 11:10 | Build | Market |
| 11:12 | Build | Blacksmith |
| 11:40 | Build | House |
| 11:42 | Create | Fishing Ship |
| 12:08 | Build | Mining Camp |
| 12:17 | Build | Palisade Wall |
| 12:36 | Build | Palisade Wall |
| 12:45 | Research | Castle Age |
| 12:45 | Research | Castle Age |
| 12:52 | Create | Fishing Ship |
| 13:04 | Build | Palisade Wall |
| 13:37 | Create | Fishing Ship |
| 13:47 | Research | Double-Bit Axe |
| 13:48 | Research | Double-Bit Axe |
| 14:34 | Research | Fletching |
| 14:34 | Research | Fletching |
| 14:39 | Create | Fishing Ship |
| 15:19 | Create | Demolition Raft |
| 15:25 | Age | Castle Age |
| 15:33 | Build | Stone Wall |
| 15:40 | Build | Castle |
| 16:33 | Create | Plumed Archer |
| 16:34 | Create | Plumed Archer |
| 16:34 | Create | Plumed Archer |
| 16:34 | Create | Plumed Archer |
| 16:34 | Create | Plumed Archer |
| 17:08 | Create | Villager (Male) |
| 17:30 | Research | Bodkin Arrow |
| 17:30 | Research | Bodkin Arrow |
| 17:41 | Create | Plumed Archer |
| 17:41 | Create | Plumed Archer |
| 17:50 | Create | Plumed Archer |
| 18:09 | Create | Fishing Ship |
| 18:11 | Create | Fishing Ship |
| 18:31 | Create | Plumed Archer |
| 18:31 | Create | Plumed Archer |
| 18:31 | Create | Plumed Archer |
| 18:34 | Create | Fishing Ship |
| 18:53 | Create | Plumed Archer |
| 18:54 | Create | Plumed Archer |
| 18:54 | Create | Plumed Archer |
| 19:21 | Create | Plumed Archer |
| 19:25 | Build | Palisade Gate |
| 19:42 | Create | Villager (Male) |
| 19:42 | Create | Villager (Male) |
| 19:42 | Create | Villager (Male) |
| 20:17 | Create | Plumed Archer |
| 20:17 | Create | Plumed Archer |
| 20:17 | Create | Plumed Archer |
| 20:18 | Create | Plumed Archer |
| 20:18 | Create | Plumed Archer |
| 20:18 | Create | Plumed Archer |
| 20:18 | Create | Plumed Archer |
| 20:45 | Create | Plumed Archer |
| 20:45 | Create | Plumed Archer |
| 20:45 | Create | Plumed Archer |
| 20:45 | Create | Plumed Archer |
| 21:11 | Create | Plumed Archer |
| 21:12 | Create | Plumed Archer |
| 21:12 | Create | Plumed Archer |
| 22:06 | Create | Villager (Male) |
| 22:06 | Create | Villager (Male) |
| 22:07 | Create | Villager (Male) |
| 22:13 | Create | Plumed Archer |
| 22:14 | Create | Plumed Archer |
| 22:14 | Create | Plumed Archer |
| 22:14 | Create | Plumed Archer |
| 22:14 | Create | Plumed Archer |
| 22:23 | Create | Fishing Ship |
| 22:24 | Create | Fishing Ship |
| 22:29 | Build | House |
| 22:29 | Build | House |
| 23:00 | Create | Villager (Male) |
| 23:18 | Build | Town Center |
| 23:33 | Research | Padded Archer Armor |
| 23:34 | Research | Padded Archer Armor |
| 23:47 | Create | Villager (Male) |
| 24:15 | Create | Villager (Male) |
| 24:15 | Create | Villager (Male) |
| 24:32 | Create | Villager (Male) |
| 24:32 | Create | Villager (Male) |
| 25:02 | Build | Dock |
| 25:09 | Create | Plumed Archer |
| 25:09 | Create | Plumed Archer |
| 25:09 | Create | Plumed Archer |
| 25:09 | Create | Plumed Archer |
| 25:10 | Create | Plumed Archer |
| 25:10 | Create | Plumed Archer |
| 25:10 | Create | Plumed Archer |
| 25:11 | Create | Villager (Male) |
| 25:12 | Create | Villager (Male) |
| 26:07 | Create | Fishing Ship |
| 26:07 | Create | Fishing Ship |
| 26:08 | Create | Fishing Ship |
| 26:09 | Create | Villager (Male) |
| 26:09 | Create | Villager (Male) |
| 26:29 | Create | Villager (Male) |
| 26:30 | Create | Villager (Male) |
| 26:34 | Build | House |
| 26:35 | Build | House |
| 26:35 | Build | House |
| 26:35 | Build | House |
| 27:05 | Create | Villager (Male) |
| 27:15 | Build | Town Center |
| 27:23 | Create | Villager (Male) |
| 27:23 | Create | Villager (Male) |
Build order — 五虎上將-馬超
First 150 of 368 actions detected
| 0:01 | Create | Villager (Male) |
| 0:02 | Create | Villager (Male) |
| 0:03 | Build | House |
| 0:05 | Build | House |
| 0:08 | Create | Villager (Male) ×2 |
| 1:18 | Create | Villager (Male) |
| 1:49 | Create | Villager (Male) |
| 1:50 | Create | Villager (Male) |
| 2:20 | Build | Lumber Camp |
| 2:26 | Create | Villager (Male) |
| 2:26 | Create | Villager (Male) |
| 2:26 | Create | Villager (Male) |
| 2:40 | Create | Villager (Male) |
| 2:40 | Create | Villager (Male) |
| 3:01 | Create | Villager (Male) |
| 3:01 | Create | Villager (Male) |
| 3:52 | Create | Villager (Male) |
| 3:52 | Create | Villager (Male) |
| 3:52 | Create | Villager (Male) |
| 4:22 | Create | Villager (Male) |
| 4:22 | Create | Villager (Male) |
| 4:23 | Create | Villager (Male) |
| 4:27 | Build | House |
| 4:49 | Build | House |
| 5:14 | Create | Villager (Male) |
| 5:14 | Create | Villager (Male) |
| 5:14 | Create | Villager (Male) |
| 5:14 | Create | Villager (Male) |
| 6:03 | Create | Villager (Male) |
| 6:04 | Create | Villager (Male) |
| 6:21 | Create | Villager (Male) |
| 6:21 | Create | Villager (Male) |
| 6:21 | Create | Villager (Male) |
| 6:26 | Build | Mining Camp |
| 7:05 | Create | Villager (Male) |
| 7:15 | Create | Villager (Male) |
| 7:45 | Create | Villager (Male) |
| 8:16 | Create | Villager (Male) |
| 8:25 | Build | Mill |
| 9:00 | Research | Loom |
| 9:24 | Build | House |
| 9:28 | Create | Villager (Male) |
| 9:52 | Build | Farm |
| 9:55 | Build | Farm |
| 9:57 | Build | Farm |
| 9:58 | Build | Farm |
| 10:06 | Create | Villager (Male) |
| 10:18 | Create | Villager (Male) |
| 10:27 | Build | House |
| 10:29 | Build | House |
| 10:49 | Research | Feudal Age |
| 10:49 | Research | Feudal Age |
| 11:11 | Build | Dock |
| 11:24 | Build | House |
| 11:25 | Build | House |
| 11:27 | Create | Villager (Male) |
| 11:48 | Create | Fishing Ship |
| 12:36 | Build | House |
| 13:06 | Age | Feudal Age |
| 13:10 | Build | Blacksmith |
| 13:11 | Build | Market |
| 13:25 | Create | Villager (Male) |
| 13:40 | Create | Fishing Ship |
| 14:14 | Build | House |
| 14:51 | Research | Castle Age |
| 14:58 | Research | Double-Bit Axe |
| 15:02 | Build | House |
| 15:08 | Create | Fishing Ship |
| 15:13 | Create | Fishing Ship |
| 15:54 | Build | Farm |
| 15:57 | Research | Horse Collar |
| 17:31 | Age | Castle Age |
| 17:33 | Build | Town Center |
| 17:36 | Build | Town Center |
| 17:39 | Create | Villager (Male) |
| 17:40 | Create | Villager (Male) |
| 17:49 | Create | Villager (Male) |
| 17:51 | Create | Villager (Male) |
| 17:54 | Research | Bow Saw |
| 17:54 | Research | Heavy Plow |
| 18:30 | Create | Fishing Ship |
| 18:55 | Create | Villager (Male) |
| 18:55 | Create | Villager (Male) |
| 18:55 | Create | Villager (Male) |
| 18:56 | Create | Villager (Male) |
| 19:00 | Create | Villager (Male) |
| 19:09 | Create | Villager (Male) |
| 19:18 | Build | Farm |
| 19:19 | Build | Farm |
| 19:24 | Create | Villager (Male) |
| 19:26 | Create | Villager (Male) |
| 19:31 | Create | Villager (Male) |
| 19:32 | Create | Villager (Male) |
| 19:33 | Create | Villager (Male) |
| 19:44 | Build | Farm |
| 19:48 | Create | Villager (Male) |
| 19:49 | Create | Villager (Male) |
| 19:50 | Create | Villager (Male) |
| 20:21 | Build | Barracks |
| 20:26 | Create | Villager (Male) |
| 20:27 | Create | Villager (Male) |
| 20:28 | Create | Villager (Male) |
| 20:42 | Build | Farm |
| 20:52 | Create | Villager (Male) |
| 20:52 | Create | Villager (Male) |
| 21:11 | Build | Lumber Camp |
| 21:16 | Research | Wheelbarrow |
| 21:23 | Build | Stable |
| 21:35 | Create | Villager (Male) |
| 21:35 | Create | Villager (Male) |
| 21:43 | Create | Villager (Male) |
| 21:58 | Create | Villager (Male) |
| 21:59 | Create | Villager (Male) |
| 22:04 | Build | Mining Camp |
| 22:06 | Create | Villager (Male) |
| 22:11 | Build | House |
| 22:12 | Build | House |
| 22:23 | Create | Villager (Male) |
| 22:28 | Create | Fishing Ship |
| 22:43 | Build | Dock |
| 22:49 | Create | Villager (Male) |
| 22:49 | Create | Villager (Male) |
| 22:56 | Create | Knight |
| 23:06 | Create | Villager (Male) |
| 23:08 | Create | Villager (Male) |
| 23:18 | Build | Town Center |
| 23:34 | Build | Farm |
| 23:35 | Build | Farm |
| 23:35 | Build | Farm |
| 23:36 | Build | Farm |
| 23:36 | Build | Farm |
| 23:36 | Build | Farm |
| 23:40 | Create | Villager (Male) |
| 23:41 | Create | Villager (Male) |
| 23:46 | Create | Fishing Ship |
| 23:46 | Create | Fishing Ship |
| 23:50 | Create | Fishing Ship |
| 23:53 | Create | Villager (Male) |
| 23:53 | Create | Villager (Male) |
| 23:53 | Create | Villager (Male) |
| 23:53 | Create | Villager (Male) |
| 23:58 | Build | Farm |
| 23:59 | Build | Farm |
| 24:13 | Create | Villager (Male) |
| 24:18 | Build | House |
| 24:19 | Build | House |
| 24:30 | Build | Farm |
| 24:30 | Create | Villager (Male) |
| 24:31 | Create | Villager (Male) |
| 24:31 | Create | Villager (Male) |
Build order — CRAZY HARD PUSH
First 150 of 412 actions detected
| 0:01 | Create | Villager (Male) |
| 0:01 | Create | Villager (Male) |
| 0:03 | Build | House |
| 0:04 | Build | House |
| 0:11 | Create | Villager (Male) |
| 0:11 | Create | Villager (Male) |
| 1:30 | Create | Villager (Male) |
| 1:30 | Create | Villager (Male) |
| 1:54 | Build | Lumber Camp |
| 1:56 | Create | Villager (Male) |
| 1:56 | Create | Villager (Male) |
| 2:13 | Create | Villager (Male) |
| 2:13 | Create | Villager (Male) |
| 2:46 | Create | Villager (Male) |
| 2:47 | Create | Villager (Male) |
| 3:03 | Create | Villager (Male) |
| 3:03 | Create | Villager (Male) |
| 3:32 | Create | Villager (Male) |
| 3:51 | Build | Mill |
| 3:52 | Create | Villager (Male) |
| 3:52 | Create | Villager (Male) |
| 4:09 | Build | House |
| 4:10 | Build | House |
| 4:34 | Create | Villager (Male) |
| 4:34 | Create | Villager (Male) |
| 5:17 | Build | House |
| 5:23 | Create | Villager (Male) |
| 5:23 | Create | Villager (Male) |
| 5:40 | Create | Villager (Male) |
| 5:40 | Create | Villager (Male) |
| 5:56 | Create | Villager (Male) |
| 5:56 | Create | Villager (Male) |
| 6:00 | Research | Loom |
| 6:40 | Build | Farm |
| 6:41 | Create | Villager (Male) |
| 6:44 | Create | Villager (Male) |
| 7:08 | Create | Villager (Male) |
| 7:30 | Create | Villager (Male) |
| 7:33 | Build | Farm |
| 7:43 | Create | Villager (Male) |
| 8:22 | Create | Villager (Male) |
| 8:26 | Create | Villager (Male) |
| 8:28 | Create | Villager (Male) |
| 9:13 | Build | Mining Camp |
| 9:19 | Research | Feudal Age |
| 11:43 | Age | Feudal Age |
| 11:50 | Build | Market |
| 12:01 | Build | Blacksmith |
| 12:31 | Build | Lumber Camp |
| 12:51 | Research | Castle Age |
| 13:00 | Create | Villager (Male) |
| 13:11 | Build | House |
| 13:15 | Build | House |
| 13:17 | Build | House |
| 13:26 | Build | Barracks |
| 13:36 | Research | Double-Bit Axe |
| 14:00 | Research | Gold Mining |
| 14:21 | Build | Stable |
| 14:25 | Create | Villager (Male) |
| 15:15 | Build | House |
| 15:31 | Age | Castle Age |
| 15:42 | Build | Town Center |
| 15:43 | Create | Villager (Male) |
| 15:48 | Create | Knight |
| 15:48 | Create | Knight |
| 15:48 | Create | Knight |
| 16:12 | Create | Villager (Male) |
| 16:40 | Create | Villager (Male) |
| 16:54 | Build | Town Center |
| 16:55 | Create | Villager (Male) |
| 17:05 | Create | Knight |
| 17:05 | Create | Knight |
| 17:22 | Create | Villager (Male) |
| 17:29 | Create | Villager (Male) |
| 17:30 | Create | Villager (Male) |
| 17:57 | Create | Villager (Male) |
| 18:07 | Create | Knight |
| 18:13 | Build | Lumber Camp |
| 18:25 | Create | Villager (Male) |
| 18:26 | Create | Villager (Male) |
| 18:43 | Create | Villager (Male) |
| 18:52 | Research | Bow Saw |
| 18:57 | Build | House |
| 18:58 | Build | House |
| 19:10 | Create | Villager (Male) |
| 19:10 | Create | Villager (Male) |
| 19:24 | Build | House |
| 19:25 | Build | House |
| 19:26 | Build | House |
| 19:28 | Create | Villager (Male) |
| 19:28 | Create | Villager (Male) |
| 19:43 | Create | Villager (Male) |
| 19:43 | Create | Villager (Male) |
| 20:07 | Build | Mining Camp |
| 20:11 | Research | Stone Mining |
| 20:24 | Create | Villager (Male) |
| 20:48 | Build | Mill |
| 20:49 | Create | Villager (Male) |
| 21:08 | Create | Villager (Male) |
| 21:21 | Build | Farm |
| 21:25 | Research | Scale Barding Armor |
| 21:37 | Create | Villager (Male) |
| 21:49 | Build | Farm |
| 22:08 | Create | Villager (Male) |
| 22:08 | Create | Villager (Male) |
| 22:23 | Create | Villager (Male) |
| 22:27 | Build | Farm |
| 22:29 | Build | Farm |
| 22:48 | Build | Farm |
| 22:49 | Create | Villager (Male) |
| 22:50 | Create | Villager (Male) |
| 22:51 | Research | Wheelbarrow |
| 23:12 | Create | Villager (Male) |
| 23:18 | Create | Villager (Male) |
| 23:18 | Create | Villager (Male) |
| 23:23 | Build | Stable |
| 23:27 | Build | Stable |
| 23:30 | Build | Stable |
| 23:32 | Create | Villager (Male) |
| 23:32 | Create | Villager (Male) |
| 23:37 | Build | Mill |
| 23:59 | Create | Villager (Male) |
| 24:00 | Create | Villager (Male) |
| 24:02 | Create | Villager (Male) |
| 24:12 | Build | Farm |
| 24:20 | Create | Villager (Male) |
| 24:23 | Build | Farm |
| 24:27 | Create | Villager (Male) |
| 24:41 | Build | Farm |
| 24:43 | Build | Farm |
| 24:51 | Create | Villager (Male) |
| 24:51 | Create | Villager (Male) |
| 24:52 | Create | Villager (Male) |
| 24:57 | Create | Villager (Male) |
| 24:57 | Create | Villager (Male) |
| 25:00 | Build | Farm |
| 25:15 | Build | Town Center |
| 25:19 | Build | Farm |
| 25:33 | Build | Farm |
| 25:34 | Create | Villager (Male) |
| 25:34 | Create | Villager (Male) |
| 25:37 | Research | Hand Cart |
| 25:41 | Build | Farm |
| 25:43 | Create | Villager (Male) |
| 25:48 | Build | Farm |
| 26:07 | Build | University |
| 26:13 | Build | Monastery |
| 26:16 | Create | Villager (Male) |
| 26:16 | Create | Villager (Male) |
| 26:21 | Build | Farm |
Build order — Dr. House
First 150 of 396 actions detected
| 0:02 | Build | House |
| 0:03 | Build | House |
| 0:04 | Create | Villager (Male) |
| 0:05 | Create | Villager (Male) |
| 0:05 | Create | Villager (Male) |
| 0:05 | Create | Villager (Male) |
| 0:05 | Create | Villager (Male) |
| 1:47 | Create | Villager (Male) |
| 1:47 | Create | Villager (Male) |
| 1:47 | Create | Villager (Male) |
| 2:10 | Create | Villager (Male) |
| 2:10 | Create | Villager (Male) |
| 2:10 | Create | Villager (Male) |
| 2:16 | Build | Lumber Camp |
| 2:32 | Create | Villager (Male) |
| 2:32 | Create | Villager (Male) |
| 3:05 | Create | Villager (Male) |
| 3:05 | Create | Villager (Male) |
| 3:05 | Create | Villager (Male) |
| 3:53 | Create | Villager (Male) |
| 4:19 | Build | House |
| 4:24 | Create | Villager (Male) |
| 4:24 | Create | Villager (Male) |
| 4:52 | Create | Villager (Male) |
| 4:52 | Create | Villager (Male) |
| 5:32 | Build | House |
| 5:56 | Create | Villager (Male) |
| 5:56 | Create | Villager (Male) |
| 5:56 | Create | Villager (Male) |
| 6:06 | Create | Villager (Male) |
| 6:52 | Build | Mill |
| 7:38 | Create | Villager (Male) |
| 7:41 | Build | Farm |
| 7:43 | Build | Farm |
| 7:46 | Build | Farm |
| 7:51 | Build | Farm |
| 8:00 | Build | Farm |
| 8:03 | Build | Farm |
| 8:04 | Create | Villager (Male) |
| 8:38 | Create | Villager (Male) |
| 8:38 | Create | Villager (Male) |
| 8:51 | Build | Dock |
| 9:03 | Build | House |
| 9:18 | Build | Farm |
| 9:30 | Build | Farm |
| 9:39 | Research | Feudal Age |
| 9:39 | Research | Feudal Age |
| 9:53 | Create | Fishing Ship |
| 10:02 | Build | Palisade Wall |
| 10:03 | Build | Palisade Wall |
| 10:07 | Build | House |
| 10:08 | Build | Palisade Wall |
| 10:11 | Build | Palisade Wall |
| 10:15 | Research | Loom |
| 10:22 | Build | Farm |
| 10:25 | Build | Mining Camp |
| 10:54 | Build | House |
| 10:56 | Create | Fishing Ship |
| 11:22 | Create | Fishing Ship |
| 11:41 | Create | Villager (Male) |
| 11:49 | Age | Feudal Age |
| 12:08 | Build | Palisade Wall |
| 12:12 | Create | Villager (Male) |
| 12:14 | Research | Double-Bit Axe |
| 12:14 | Research | Double-Bit Axe |
| 12:15 | Research | Horse Collar |
| 12:18 | Research | Tech 906 |
| 12:42 | Create | Villager (Male) |
| 12:46 | Build | Farm |
| 12:47 | Create | Villager (Male) |
| 12:49 | Create | Fishing Ship |
| 13:11 | Build | Blacksmith |
| 13:16 | Build | Farm |
| 13:22 | Create | Villager (Male) |
| 13:59 | Build | Palisade Wall |
| 14:02 | Build | Palisade Wall |
| 14:08 | Build | Farm |
| 14:09 | Create | Villager (Male) |
| 14:16 | Create | Fishing Ship |
| 14:19 | Research | Gold Mining |
| 14:39 | Build | Market |
| 14:42 | Create | Villager (Male) |
| 14:51 | Build | Farm |
| 15:03 | Build | House |
| 15:05 | Create | Fishing Ship |
| 15:07 | Create | Villager (Male) |
| 15:13 | Build | Farm |
| 15:37 | Build | Farm |
| 15:38 | Create | Villager (Male) |
| 15:47 | Build | House |
| 16:02 | Create | Villager (Male) |
| 16:07 | Build | Farm |
| 16:12 | Create | Demolition Raft |
| 16:14 | Create | Fishing Ship |
| 16:20 | Research | Castle Age |
| 16:20 | Research | Castle Age |
| 16:30 | Build | House |
| 17:17 | Build | House |
| 17:33 | Create | Fishing Ship |
| 17:50 | Build | House |
| 18:16 | Research | Wheelbarrow |
| 18:20 | Create | Fishing Ship |
| 18:25 | Build | House |
| 19:04 | Create | Villager (Male) |
| 19:08 | Age | Castle Age |
| 19:11 | Build | Town Center |
| 19:19 | Research | Bow Saw |
| 19:19 | Research | Bow Saw |
| 19:19 | Research | Bow Saw |
| 19:55 | Research | Gillnets |
| 20:11 | Create | Villager (Male) |
| 20:11 | Create | Villager (Male) |
| 20:12 | Create | Villager (Male) |
| 20:27 | Create | Villager (Male) |
| 20:45 | Create | Villager (Male) |
| 20:55 | Build | Town Center |
| 20:58 | Create | Villager (Male) |
| 20:59 | Create | Villager (Male) |
| 21:05 | Create | Fishing Ship |
| 21:25 | Create | Villager (Male) |
| 21:26 | Create | Villager (Male) |
| 21:45 | Build | Mining Camp |
| 21:48 | Create | Villager (Male) |
| 21:51 | Create | Fishing Ship |
| 21:54 | Create | Villager (Male) |
| 22:00 | Build | Lumber Camp |
| 22:04 | Research | Hand Cart |
| 22:23 | Create | Villager (Male) |
| 22:26 | Research | Heavy Plow |
| 22:31 | Create | Fishing Ship |
| 22:34 | Create | Villager (Male) |
| 22:35 | Create | Villager (Male) |
| 22:47 | Build | Palisade Wall |
| 22:49 | Build | Palisade Wall |
| 22:52 | Build | Palisade Wall |
| 22:56 | Create | Villager (Male) |
| 23:04 | Build | Barracks |
| 23:13 | Create | Villager (Male) |
| 23:18 | Create | Villager (Male) |
| 23:19 | Create | Villager (Male) |
| 23:19 | Create | Villager (Male) |
| 23:22 | Research | Town Watch |
| 23:28 | Research | Stone Mining |
| 23:44 | Create | Villager (Male) |
| 23:45 | Create | Villager (Male) |
| 23:47 | Create | Villager (Male) |
| 23:52 | Build | Stable |
| 23:57 | Build | Stable |
| 23:58 | Create | Villager (Male) |
| 24:01 | Build | Farm |
Build order — Bangputys
First 150 of 282 actions detected
| 0:03 | Create | Villager (Male) ×4 |
| 0:07 | Build | House |
| 0:29 | Build | House |
| 1:20 | Create | Villager (Male) |
| 1:21 | Create | Villager (Male) |
| 1:56 | Create | Villager (Male) |
| 1:56 | Create | Villager (Male) |
| 2:19 | Create | Villager (Male) |
| 2:20 | Create | Villager (Male) |
| 2:47 | Create | Villager (Male) ×2 |
| 2:47 | Create | Villager (Male) ×2 |
| 3:12 | Create | Villager (Male) |
| 3:13 | Create | Villager (Male) |
| 3:25 | Create | Villager (Male) |
| 3:25 | Create | Villager (Male) |
| 3:53 | Build | Lumber Camp |
| 4:00 | Build | House |
| 4:59 | Create | Villager (Male) |
| 5:00 | Create | Villager (Male) |
| 5:24 | Create | Villager (Male) |
| 5:24 | Create | Villager (Male) |
| 6:03 | Create | Villager (Male) ×4 |
| 6:03 | Create | Villager (Male) ×4 |
| 6:40 | Build | House |
| 6:51 | Research | Loom |
| 6:52 | Research | Loom |
| 7:10 | Build | Mill |
| 8:14 | Create | Villager (Male) |
| 8:46 | Research | Feudal Age |
| 8:52 | Build | Mining Camp |
| 9:26 | Build | Barracks |
| 10:51 | Create | Villager (Male) |
| 10:56 | Age | Feudal Age |
| 11:00 | Build | Archery Range |
| 11:06 | Build | Archery Range |
| 11:13 | Create | Villager (Male) |
| 11:22 | Research | Double-Bit Axe |
| 11:26 | Create | Villager (Male) |
| 11:50 | Create | Villager (Male) |
| 11:52 | Create | Archer |
| 11:52 | Create | Archer |
| 11:56 | Build | House |
| 12:05 | Build | House |
| 12:06 | Build | House |
| 12:13 | Create | Archer |
| 12:13 | Create | Archer |
| 12:35 | Create | Villager (Male) |
| 12:46 | Create | Archer |
| 12:46 | Create | Archer |
| 12:48 | Create | Villager (Male) |
| 13:03 | Build | Blacksmith |
| 13:12 | Create | Archer |
| 13:13 | Create | Villager (Male) |
| 13:29 | Create | Archer |
| 13:34 | Create | Villager (Male) |
| 13:40 | Create | Archer |
| 13:53 | Build | House |
| 13:54 | Build | House |
| 14:02 | Create | Villager (Male) |
| 14:07 | Create | Archer |
| 14:19 | Create | Skirmisher |
| 14:28 | Create | Archer |
| 14:30 | Create | Villager (Male) |
| 14:40 | Research | Fletching |
| 14:56 | Create | Villager (Male) |
| 15:03 | Create | Archer |
| 15:04 | Create | Archer |
| 15:12 | Build | House |
| 15:13 | Build | House |
| 15:28 | Create | Villager (Male) |
| 15:29 | Create | Archer |
| 15:30 | Create | Archer |
| 15:52 | Create | Villager (Male) |
| 15:53 | Create | Archer |
| 16:35 | Research | Wheelbarrow |
| 16:38 | Create | Villager (Male) |
| 16:38 | Create | Archer |
| 16:38 | Create | Archer |
| 16:41 | Research | Gold Mining |
| 16:54 | Build | House |
| 17:10 | Create | Villager (Male) |
| 17:11 | Create | Archer |
| 17:11 | Create | Archer |
| 17:29 | Create | Archer |
| 17:30 | Create | Archer |
| 17:45 | Build | Farm |
| 17:45 | Build | Farm |
| 17:45 | Build | Farm |
| 17:45 | Build | Farm |
| 17:46 | Build | Farm |
| 17:59 | Create | Archer |
| 17:59 | Create | Archer |
| 18:27 | Create | Archer |
| 18:28 | Create | Archer |
| 19:32 | Build | Market |
| 19:48 | Create | Archer ×5 |
| 20:18 | Research | Castle Age |
| 21:56 | Create | Archer ×5 |
| 22:54 | Create | Villager (Male) |
| 22:54 | Create | Villager (Male) |
| 22:55 | Create | Archer |
| 22:55 | Create | Archer |
| 22:58 | Age | Castle Age |
| 23:13 | Build | Lumber Camp |
| 23:25 | Research | Crossbowman (upgrade) |
| 23:27 | Create | Villager (Male) |
| 23:35 | Create | Archer |
| 23:46 | Build | Farm |
| 23:46 | Build | Farm |
| 23:47 | Build | Farm |
| 24:20 | Research | Bodkin Arrow |
| 24:22 | Create | Villager (Male) |
| 24:23 | Create | Villager (Male) |
| 24:44 | Create | Archer |
| 24:44 | Create | Archer |
| 24:45 | Create | Villager (Male) |
| 25:17 | Build | University |
| 25:25 | Create | Archer ×2 |
| 25:25 | Create | Archer ×2 |
| 25:26 | Create | Villager (Male) |
| 25:26 | Create | Villager (Male) |
| 25:38 | Create | Villager (Male) ×5 |
| 26:02 | Research | Ballistics |
| 26:03 | Research | Ballistics |
| 26:06 | Create | Villager (Male) |
| 26:15 | Create | Archer |
| 26:16 | Create | Archer |
| 26:26 | Create | Villager (Male) |
| 26:38 | Create | Archer ×2 |
| 26:53 | Build | Mining Camp |
| 26:58 | Research | Padded Archer Armor |
| 26:59 | Create | Archer ×2 |
| 26:59 | Create | Archer ×2 |
| 27:32 | Build | Lumber Camp |
| 27:46 | Create | Archer |
| 27:46 | Create | Archer |
| 27:47 | Create | Villager (Male) |
| 27:47 | Create | Villager (Male) |
| 28:06 | Create | Archer ×3 |
| 28:06 | Create | Archer ×3 |
| 28:08 | Create | Villager (Male) |
| 29:05 | Create | Archer ×5 |
| 29:05 | Create | Archer ×5 |
| 29:22 | Create | Archer |
| 29:22 | Create | Villager (Male) |
| 29:23 | Create | Villager (Male) |
| 29:29 | Create | Archer |
| 29:29 | Create | Archer |
| 29:42 | Build | Archery Range |
| 29:47 | Create | Archer ×2 |
Build order — 坐中木头人是人啊
First 150 of 302 actions detected
| 0:02 | Create | Villager (Male) |
| 0:02 | Create | Villager (Male) |
| 0:03 | Create | Villager (Male) |
| 0:04 | Build | House |
| 0:05 | Build | House |
| 0:23 | Create | Villager (Male) |
| 1:41 | Create | Villager (Male) |
| 1:42 | Create | Villager (Male) |
| 2:02 | Build | Lumber Camp |
| 2:12 | Create | Villager (Male) |
| 2:13 | Create | Villager (Male) |
| 2:13 | Create | Villager (Male) |
| 2:13 | Create | Villager (Male) |
| 3:03 | Create | Villager (Male) |
| 3:03 | Create | Villager (Male) |
| 3:23 | Build | House |
| 3:37 | Create | Villager (Male) |
| 3:37 | Create | Villager (Male) |
| 3:38 | Create | Villager (Male) |
| 4:52 | Create | Villager (Male) |
| 4:52 | Create | Villager (Male) |
| 4:52 | Create | Villager (Male) |
| 4:53 | Create | Villager (Male) |
| 5:48 | Create | Villager (Male) |
| 5:49 | Create | Villager (Male) |
| 5:49 | Create | Villager (Male) |
| 5:49 | Create | Villager (Male) |
| 5:52 | Build | House |
| 6:19 | Build | Mining Camp |
| 6:23 | Create | Villager (Male) |
| 6:39 | Build | Dock |
| 6:42 | Create | Villager (Male) |
| 7:32 | Create | Villager (Male) |
| 7:34 | Build | House |
| 7:45 | Create | Fishing Ship |
| 8:20 | Build | Barracks |
| 8:40 | Research | Loom |
| 8:49 | Create | Fishing Ship |
| 8:52 | Research | Feudal Age |
| 9:53 | Build | House |
| 10:08 | Build | Mill |
| 10:27 | Build | Palisade Wall |
| 10:58 | Build | Farm |
| 10:59 | Build | Farm |
| 11:15 | Age | Feudal Age |
| 11:18 | Build | Archery Range |
| 11:23 | Create | Villager (Male) |
| 11:24 | Create | Villager (Male) |
| 11:57 | Build | Blacksmith |
| 12:06 | Build | House |
| 12:13 | Create | Archer |
| 12:20 | Create | Villager (Male) |
| 12:24 | Create | Villager (Male) |
| 12:49 | Build | Farm |
| 12:59 | Create | Archer |
| 13:00 | Create | Archer |
| 13:01 | Research | Fletching |
| 13:09 | Create | Spearman |
| 13:10 | Create | Spearman |
| 13:17 | Build | House |
| 13:19 | Create | Villager (Male) |
| 13:21 | Create | Villager (Male) |
| 13:34 | Build | Palisade Wall |
| 13:51 | Create | Archer |
| 13:54 | Build | Farm |
| 14:17 | Create | Archer |
| 14:28 | Create | Villager (Male) |
| 14:30 | Create | Villager (Male) |
| 14:59 | Build | Farm |
| 15:14 | Build | Palisade Wall |
| 15:30 | Create | Archer |
| 15:30 | Create | Archer |
| 15:33 | Build | Farm |
| 15:35 | Create | Villager (Male) |
| 16:00 | Create | Fishing Ship |
| 16:23 | Create | Archer |
| 16:29 | Build | Farm |
| 16:38 | Build | House |
| 16:39 | Build | House |
| 17:15 | Create | Archer |
| 17:16 | Create | Archer |
| 17:33 | Create | Villager (Male) |
| 17:33 | Create | Villager (Male) |
| 17:37 | Create | Archer |
| 17:48 | Build | House |
| 17:50 | Build | House |
| 18:33 | Build | Archery Range |
| 18:38 | Research | Castle Age |
| 18:42 | Research | Double-Bit Axe |
| 19:09 | Create | Archer |
| 19:09 | Create | Archer |
| 19:20 | Create | Spearman |
| 19:20 | Create | Spearman |
| 19:21 | Create | Spearman |
| 19:38 | Create | Archer |
| 19:38 | Create | Archer |
| 19:42 | Build | Farm |
| 19:45 | Research | Horse Collar |
| 19:50 | Build | House |
| 19:51 | Build | House |
| 20:25 | Create | Archer |
| 20:25 | Create | Archer |
| 21:17 | Create | Spearman |
| 21:17 | Create | Spearman |
| 21:17 | Age | Castle Age |
| 21:26 | Research | Pikeman (upgrade) |
| 21:42 | Create | Villager (Male) |
| 21:43 | Create | Villager (Male) |
| 21:59 | Build | Town Center |
| 22:03 | Create | Villager (Male) |
| 22:20 | Create | Villager (Male) |
| 22:24 | Create | Demolition Raft |
| 22:47 | Create | Villager (Male) |
| 22:47 | Create | Villager (Male) |
| 22:47 | Create | Villager (Male) |
| 22:55 | Research | Crossbowman (upgrade) |
| 22:58 | Research | Bodkin Arrow |
| 23:00 | Create | Archer |
| 23:01 | Create | Archer |
| 23:01 | Create | Archer |
| 23:01 | Create | Archer |
| 23:02 | Create | Archer |
| 23:14 | Create | Villager (Male) |
| 23:25 | Create | Villager (Male) |
| 23:39 | Create | Villager (Male) |
| 23:55 | Create | Spearman |
| 23:55 | Create | Spearman |
| 24:00 | Create | Archer |
| 24:01 | Create | Archer |
| 24:02 | Create | Villager (Male) |
| 24:03 | Create | Villager (Male) |
| 24:04 | Research | Gold Mining |
| 24:18 | Research | Bow Saw |
| 24:29 | Create | Villager (Male) |
| 24:44 | Create | Villager (Male) |
| 24:45 | Create | Villager (Male) |
| 24:47 | Create | Villager (Male) |
| 24:55 | Create | Spearman |
| 24:55 | Create | Spearman |
| 25:19 | Create | Archer |
| 25:20 | Create | Archer |
| 25:27 | Build | Town Center |
| 25:41 | Create | Archer |
| 25:41 | Create | Archer |
| 25:43 | Create | Villager (Male) |
| 25:44 | Create | Villager (Male) |
| 25:45 | Create | Villager (Male) |
| 26:09 | Create | Villager (Male) |
| 26:13 | Build | Farm |
| 26:14 | Create | Villager (Male) |
Match timeline
| 3:33 | ryocallan · first_building Dock |
| 6:39 | 坐中木头人是人啊 · first_building Dock |
| 7:18 | fat_dgk · first_building Dock |
| 8:20 | 坐中木头人是人啊 · first_building Barracks |
| 8:51 | Dr. House · first_building Dock |
| 9:26 | Bangputys · first_building Barracks |
| 10:02 | Dr. House · wall_segment Palisade Wall x3 |
| 10:03 | Dr. House · wall_segment Palisade Wall x1 |
| 10:08 | Dr. House · wall_segment Palisade Wall x1 |
| 10:11 | Dr. House · wall_segment Palisade Wall x1 |
| 10:12 | [AJJRR] Minillop · wall_segment Palisade Wall x1 |
| 10:27 | 坐中木头人是人啊 · wall_segment Palisade Wall x2 |
| 10:56 | Bangputys · age_up feudal |
| 11:00 | Bangputys · first_building Archery Range |
| 11:00 | fat_dgk · age_up feudal |
| 11:11 | 五虎上將-馬超 · first_building Dock |
| 11:15 | 坐中木头人是人啊 · age_up feudal |
| 11:17 | ryocallan · age_up feudal |
| 11:18 | 坐中木头人是人啊 · first_building Archery Range |
| 11:43 | CRAZY HARD PUSH · age_up feudal |
| 11:49 | Dr. House · age_up feudal |
| 12:08 | Dr. House · wall_segment Palisade Wall x8 |
| 12:12 | [AJJRR] Minillop · age_up feudal |
| 12:17 | fat_dgk · wall_segment Palisade Wall x1 |
| 12:36 | fat_dgk · wall_segment Palisade Wall x3 |
| 12:37 | ryocallan · first_market_sell 100 wood |
| 12:38 | ryocallan · first_market_buy 100 food |
| 12:45 | CRAZY HARD PUSH · first_market_sell 100 food |
| 13:04 | fat_dgk · wall_segment Palisade Wall x1 |
| 13:06 | 五虎上將-馬超 · age_up feudal |
| 13:26 | CRAZY HARD PUSH · first_building Barracks |
| 13:34 | 坐中木头人是人啊 · wall_segment Palisade Wall x9 |
| 13:59 | Dr. House · wall_segment Palisade Wall x1 |
| 14:02 | Dr. House · wall_segment Palisade Wall x2 |
| 14:17 | 五虎上將-馬超 · first_market_buy 100 food |
| 14:21 | CRAZY HARD PUSH · first_building Stable |
| 14:22 | 五虎上將-馬超 · first_market_sell 100 wood |
| 14:33 | [AJJRR] Minillop · first_building Barracks |
| 14:46 | [AJJRR] Minillop · first_market_sell 100 stone |
| 15:14 | 坐中木头人是人啊 · wall_segment Palisade Wall x6 |
| 15:21 | ryocallan · age_up castle |
| 15:25 | fat_dgk · age_up castle |
| 15:31 | CRAZY HARD PUSH · age_up castle |
| 15:33 | fat_dgk · wall_segment Stone Wall x1 |
| 15:40 | fat_dgk · first_building Castle |
| 17:30 | [AJJRR] Minillop · age_up castle |
| 17:31 | 五虎上將-馬超 · age_up castle |
| 19:08 | Dr. House · age_up castle |
| 19:31 | [AJJRR] Minillop · first_market_buy 100 food |
| 20:21 | 五虎上將-馬超 · first_building Barracks |
| 21:02 | ryocallan · first_building Barracks |
| 21:17 | 坐中木头人是人啊 · age_up castle |
| 21:23 | 五虎上將-馬超 · first_building Stable |
| 21:34 | ryocallan · first_building Stable |
| 22:38 | [AJJRR] Minillop · first_building Castle |
| 22:47 | Dr. House · wall_segment Palisade Wall x3 |
| 22:49 | Dr. House · wall_segment Palisade Wall x1 |
| 22:52 | Dr. House · wall_segment Palisade Wall x1 |
| 22:58 | Bangputys · age_up castle |
| 23:04 | Dr. House · first_building Barracks |
| 23:24 | Bangputys · first_market_sell 100 stone |
| 23:43 | ryocallan · first_building Castle |
| 23:50 | fat_dgk · first_market_buy 100 wood |
| 23:52 | Dr. House · first_building Stable |
| 24:56 | CRAZY HARD PUSH · first_market_buy 100 food |
| 25:10 | 五虎上將-馬超 · first_building Castle |
| 26:13 | CRAZY HARD PUSH · first_building Monastery |
| 26:47 | Dr. House · first_market_sell 100 wood |
| 26:49 | Dr. House · first_market_buy 100 food |
| 26:57 | Dr. House · first_building Monastery |
| 28:23 | CRAZY HARD PUSH · first_building Castle |
| 28:30 | 坐中木头人是人啊 · first_building Monastery |
| 29:34 | fat_dgk · resign |
| 30:46 | Dr. House · age_up imperial |
| 31:17 | 坐中木头人是人啊 · first_building Castle |
| 31:20 | CRAZY HARD PUSH · age_up imperial |
| 31:34 | ryocallan · age_up imperial |
| 31:37 | 五虎上將-馬超 · age_up imperial |
| 32:12 | Dr. House · first_building Siege Workshop |
| 32:19 | Bangputys · first_building Siege Workshop |
| 34:04 | [AJJRR] Minillop · age_up imperial |
| 34:06 | Dr. House · first_building Castle |
| 34:15 | 坐中木头人是人啊 · age_up imperial |
| 35:39 | 五虎上將-馬超 · first_building Siege Workshop |
| 36:11 | ryocallan · first_building Monastery |
| 36:27 | 坐中木头人是人啊 · first_market_sell 100 stone |
| 37:14 | ryocallan · tribute_sent a jugador 2 |
| 37:14 | ryocallan · tribute_sent a jugador 3 |
| 37:14 | ryocallan · tribute_sent a jugador 4 |
| 37:14 | ryocallan · tribute_sent a jugador 5 |
| 37:14 | ryocallan · tribute_sent a jugador 6 |
| 37:14 | ryocallan · tribute_sent a jugador 7 |
| 37:14 | ryocallan · tribute_sent a jugador 8 |
[ AI ANALYSIS · 1 CREDIT ]
What really happened in this match?
Wolo.gg analyzes every decision: build order, eco, micro, common mistakes by bracket. Personalized analysis on WhatsApp or Discord in 30 seconds.
Civ guide
Wu
Perfil
[AJJRR] Minillop